Map: Kairos Junction LE

Players

DnS - Winner!

  • Race: Protoss Protoss
  • Spawn Location: 5:00

soul

  • Race: Terran Terran
  • League: Grandmaster
  • Spawn Location: 11:00

Event: 2019 WCS Winter Europe

VOD

Have the link to the VOD?

Description

Time

  • Played on: Feb. 8, 2019, 12:43 p.m.
  • Length: 11:47

All games in this series

Show
View Real Time Build Order
Export as new Build Order

DnS Protoss - Winner!

Build Orders: 1 Gate Expand, Phoenix Opening 

Get SALT Encoding   

  12  0:00  Probe  
  13  0:12  Probe  
  14  0:16  Pylon  
  14  0:24  Probe  
  15  0:32  Probe  
  15  0:38  Gateway  
  15  0:40  Probe  
  16  0:46  Assimilator  
  17  0:51  Probe  
  18  1:03  Probe  
  19  1:15  Probe  
  20  1:26  Cybernetics Core  
  20  1:34  Nexus  
  20  1:37  Probe  
  21  1:44  Pylon  
  21  1:49  Probe  
  21  1:51  Assimilator  
  21  1:52  Adept  
  22  2:01  Probe  
  25  2:12  Adept  
  25  2:13  Probe  
  28  2:25  Probe  
  28  2:28  Stargate  
  29  2:37  Probe  
  29  2:42  Probe  
  30  2:45  Adept  
  30  2:50  Probe x2  
  35  3:00  Probe  
  35  3:02  Probe  
  37  3:11  Probe  
  41  3:14  Phoenix, Probe  
  41  3:19  Probe  
  41  3:24  Pylon  
  41  3:26  Probe  
  43  3:27  Probe  
  43  3:30  Gateway  
  43  3:33  Gateway  
  44  3:38  Probe  
  44  3:39  Probe  
  46  3:42  Phoenix  
  48  3:50  Probe, Pylon  
  48  3:52  Probe  
  50  4:01  Nexus  
  50  4:02  Probe  
  51  4:04  Probe  
  51  4:09  Phoenix  
  54  4:14  Assimilator, Probe  
  54  4:16  Probe, Pylon  
  56  4:26  Probe  
  56  4:29  Assimilator  
  56  4:30  Warp Gate  
  57  4:35  Probe  
  57  4:36  Robotics Facility  
  58  4:38  Probe  
  58  4:43  Twilight Council  
  58  4:44  Forge  
  59  4:47  Probe  
  59  4:50  Probe  
  59  4:52  Pylon  
  61  4:59  Probe  
  62  5:03  Phoenix, Probe  
  62  5:06  Sentry  
  69  5:07  Sentry  
  69  5:09  Pylon  
  69  5:11  Probe  
  69  5:13  Probe  
  71  5:15  Probe  
  72  5:22  Protoss Ground Weapons Level 1  
  72  5:23  Probe  
  72  5:25  Robotics Bay, Probe  
  72  5:27  Resonating Glaives  
  74  5:31  Probe  
  75  5:36  Probe  
  75  5:37  Assimilator  
  75  5:40  Gateway  
  75  5:42  Gateway  
  76  5:44  Gateway  
  76  5:45  Gateway  
  76  5:51  Immortal  
  76  5:52  Gateway  
  76  5:56  Pylon  
  80  5:59  Probe  
  80  6:00  Probe x2  
  80  6:01  Pylon  
  83  6:10  Photon Cannon x2  
  81  6:14  Colossus  
  81  6:23  Adept x3  
  89  6:35  Adept  
  89  6:39  Adept x3  
  94  6:43  Adept  
  94  6:44  Adept x2  
  88  6:50  Adept  
  84  6:56  Phoenix, Photon Cannon  
  84  6:58  Sentry  
  84  6:59  Probe x2  
  84  7:01  Sentry x2, Adept, Assimilator  
  94  7:04  Adept  
  94  7:05  Adept  
  94  7:06  Adept  
  102  7:08  Pylon  
  102  7:11  Probe x2  
  102  7:12  Probe  
  105  7:17  Adept  
  107  7:23  Blink  
  107  7:24  Phoenix  
  108  7:31  Pylon  
  108  7:33  Pylon  
  108  7:35  Pylon  
  108  7:40  Colossus  
  101  7:46  Adept x4  
  113  7:55  Adept x4  
  105  8:08  Stalker x3  
  105  8:09  Stalker  
  113  8:15  Adept  
  113  8:16  Adept  
  113  8:17  Probe x2  
  113  8:18  Probe  
  120  8:21  Pylon, Adept  
  120  8:23  Adept  
  124  8:35  Adept x4  
  124  8:36  Colossus  
  128  8:45  Adept x4  
  122  8:53  Forge  
  126  9:04  Protoss Ground Armor Level 1  
  122  9:14  Stalker x6  
  140  9:41  Warp Prism  
  132  9:47  Stalker x4  
  132  9:52  Pylon x2  
  140  9:55  Pylon  
  140  10:12  Stalker  
  140  10:13  Stalker x7  
  141  10:47  Stalker x8  
  153  10:59  Templar Archives  
  153  11:14  Nexus  
  151  11:25  Adept x4  
  151  11:26  Adept x3  
Show
View Real Time Build Order
Export as new Build Order

soul Terran 

Build Orders: Gas First Reaper Expand 

Get SALT Encoding   

  12  0:00  SCV  
  13  0:13  SCV  
  14  0:17  Supply Depot  
  14  0:25  SCV  
  14  0:27  Refinery  
  15  0:38  SCV  
  16  0:45  Barracks  
  16  0:50  SCV  
  17  1:02  SCV  
  18  1:14  SCV  
  19  1:36  Reaper, Orbital Command  
  20  1:48  Command Center  
  20  1:55  Factory  
  20  2:02  SCV  
  21  2:09  Barracks Reactor  
  21  2:10  Supply Depot  
  21  2:14  SCV  
  22  2:18  Refinery  
  22  2:26  SCV  
  23  2:38  SCV  
  24  2:45  Starport, Hellion, Marine x2  
  28  2:52  SCV  
  29  3:00  Orbital Command  
  29  3:04  SCV  
  30  3:06  Marine x2  
  30  3:08  Factory Tech Lab  
  32  3:18  SCV  
  33  3:24  Viking  
  33  3:26  SCV  
  36  3:30  SCV, Marine x2  
  39  3:38  SCV, Cyclone  
  43  3:42  SCV  
  43  3:44  Supply Depot  
  44  3:51  SCV  
  44  3:52  Supply Depot  
  44  3:54  SCV  
  46  3:59  Supply Depot  
  46  4:05  SCV  
  46  4:06  SCV, Supply Depot  
  48  4:17  SCV  
  48  4:19  SCV  
  48  4:21  Stimpack  
  48  4:22  Barracks, Marine  
  51  4:25  Barracks  
  51  4:26  Engineering Bay  
  51  4:30  SCV  
  51  4:31  SCV  
  53  4:32  Factory Tech Lab  
  53  4:34  Starport Reactor  
  53  4:38  Refinery  
  53  4:42  SCV  
  53  4:43  SCV, Marine  
  56  4:53  Supply Depot  
  56  4:54  Terran Infantry Weapons Level 1, SCV  
  56  4:55  SCV  
  58  5:01  Marauder, Factory Reactor  
  58  5:05  Supply Depot  
  58  5:06  SCV  
  60  5:08  SCV  
  60  5:12  Marine  
  60  5:13  Marine  
  60  5:14  Combat Shield, Marine  
  63  5:16  Medivac x2  
  67  5:21  SCV  
  67  5:22  Marauder  
  67  5:23  Supply Depot  
  70  5:28  Supply Depot  
  70  5:31  Marine  
  70  5:32  Marauder  
  73  5:36  SCV  
  73  5:38  Refinery  
  73  5:42  Widow Mine  
  76  5:44  Marauder  
  76  5:45  Marine, Widow Mine  
  76  5:49  Supply Depot  
  81  5:53  Marauder  
  81  5:54  SCV x2  
  81  5:56  Marine  
  86  6:03  Marine  
  87  6:05  Marauder  
  87  6:06  Medivac  
  87  6:08  Medivac  
  91  6:14  Marine  
  91  6:15  Widow Mine  
  91  6:16  Widow Mine  
  91  6:17  Marine  
  97  6:21  Marine  
  97  6:22  Concussive Shells  
  94  6:26  Marine  
  94  6:31  Marine  
  95  6:36  Marauder  
  95  6:40  Marine  
  95  6:44  Marauder  
  87  6:48  Medivac  
  87  6:49  Marine  
  87  6:51  Command Center  
  85  6:57  Marauder  
  85  6:58  Marine  
  88  7:03  SCV x2  
  88  7:05  Barracks, Marine  
  88  7:06  Barracks  
  88  7:07  Marine  
  92  7:15  SCV x2  
  94  7:16  Marine  
  94  7:18  Marauder  
  97  7:24  Marauder  
  97  7:25  Marine  
  97  7:26  Supply Depot  
  97  7:27  SCV  
  97  7:29  SCV  
  102  7:32  Supply Depot  
  102  7:33  Terran Infantry Armor Level 1  
  102  7:39  SCV  
  102  7:41  SCV  
  102  7:45  Marauder, Marine  
  102  7:49  Marauder, Marine  
  104  7:51  SCV  
  104  7:54  Barracks Reactor  
  104  7:56  Medivac  
  102  8:02  Marine  
  100  8:06  Medivac, Marine  
  100  8:07  Orbital Command  
  100  8:10  Barracks Tech Lab  
  102  8:15  SCV, Starport  
  102  8:16  Fusion Core  
  102  8:17  SCV  
  104  8:25  Marine  
  104  8:26  Marauder  
  107  8:27  SCV  
  107  8:29  SCV  
  105  8:36  Liberator x2  
  105  8:37  Marauder, SCV, Marine  
  104  8:41  Marine  
  99  8:51  Marine  
  99  8:52  Marauder  
  106  8:56  Marine  
  106  8:57  Marauder, Marine  
  106  8:59  Marauder, SCV x3  
  112  9:07  Starport Tech Lab, Refinery  
  112  9:09  Widow Mine x2, Refinery  
  112  9:11  SCV x3  
  115  9:18  Armory, Engineering Bay  
  115  9:20  Marine  
  115  9:21  Liberator  
  115  9:23  SCV, Liberator  
  115  9:24  SCV x2  
  119  9:27  Liberator  
  119  9:30  Widow Mine  
  121  9:33  Command Center  
  121  9:35  SCV  
  121  9:36  SCV  
  121  9:38  SCV  
  130  9:48  SCV x2  
  132  9:55  Advanced Ballistics  
  132  9:59  Supply Depot  
  132  10:00  Supply Depot  
  132  10:02  Marauder x2, Marine  
  132  10:04  Liberator  
  132  10:06  Liberator  
  132  10:09  Marauder, Marine  
  132  10:12  Marine  
  129  10:21  SCV  
  129  10:22  SCV  
  129  10:23  Marauder  
  132  10:29  Marine  
  132  10:30  Marauder  
  132  10:31  Marauder  
  132  10:34  SCV x2  
  116  10:37  Marine  
  116  10:42  Marine  
  114  10:45  Marauder  
  114  10:46  SCV  
  114  10:48  Marine  
  108  10:51  Marauder  
  108  10:55  SCV  
  111  10:58  SCV  
  112  11:07  SCV  
  112  11:08  Medivac x3  
  112  11:10  SCV, Marine  
  112  11:20  Marine  
  112  11:21  Marauder  
  112  11:25  Marauder x2, Marine  
  116  11:26  Marine  
Tags
 
Add a new tag
Caveats
  • Supply blocks, unpowered buildings, or Contaminate may cause inaccurate times.
  • Supply counts are checked every 10 seconds.